 Dungeon Crawl Stone Soup version 0.16-a0-3197-g5046a99 (webtiles) character file.

262 Ololoev the Chiller (level 6, 0/36 HPs)
             Began as an Octopode Ice Elementalist on Dec 18, 2014.
             Killed by an exploding giant spore (29 damage)
             ... on level 3 of the Dungeon.
             The game lasted 00:17:48 (5440 turns).

Ololoev the Chiller (Octopode Ice Elementalist)     Turns: 5440, Time: 00:17:52

Health: 0/36       AC:  1    Str:  7    XL:     6   Next: 18%
Magic:  11/11      EV: 12    Int: 20    God:
Gold:   162        SH:  0    Dex: 12    Spells: 2 memorised, 5 levels left

rFire  . . .     SeeInvis .     o - +0 flail (crush)
rCold  . . .     Clarity  .     (no shield)
rNeg   . . .     SustAb   .     (helmet restricted)
rPois  .         Gourm    .     (no amulet)
rElec  .         Spirit   .     (no ring)
rCorr  .         Warding  .     (no ring)
rMut   .         Stasis   .     (no ring)
MR     .....                    (no ring)
Stlth  ++........               (no ring)
                                (no ring)
                                (no ring)
                                (no ring)

@: confused, not resistant to hostile enchantments, unstealthy
A: almost no armour, amphibious, 8 rings, constrict 8, camouflage 1, gelatinous
body 1
a: no special abilities


You were on level 3 of the Dungeon.
You were not hungry.

You visited 1 branch of the dungeon, and saw 4 of its levels.

You collected 162 gold pieces.

Notes
Turn   | Place    | Note
--------------------------------------------------------------
     0 | D:1      | Ololoev, the Octopode Ice Elementalist, began the quest for the Orb.
     0 | D:1      | Reached XP level 1. HP: 11/11 MP: 3/3
   229 | D:1      | Reached XP level 2. HP: 9/17 MP: 1/4
  1084 | D:1      | Reached XP level 3. HP: 21/21 MP: 6/6
  1496 | D:2      | Reached skill level 4 in Ice Magic
  1871 | D:2      | Found a sparkling altar of Nemelex Xobeh.
  2752 | D:2      | Reached XP level 4. HP: 25/27 MP: 8/8
  2787 | D:2      | Learned a level 4 spell: Throw Icicle
  4686 | D:3      | Reached XP level 5. HP: 27/31 MP: 4/9
  4758 | D:3      | Reached skill level 5 in Ice Magic
  4878 | D:3      | Noticed Natasha
  4890 | D:3      | Killed Natasha
  4908 | D:3      | Noticed a phantom
  4968 | D:3      | Noticed Natasha
  5076 | D:3      | Killed Natasha
  5241 | D:3      | Reached XP level 6. HP: 30/36 MP: 8/11
  5440 | D:3      | Killed by an exploding giant spore

Inventory:

Hand weapons
 o - a +0 flail of crushing (weapon)
Magical devices
 m - a wand of frost (26)
 q - a wand of heal wounds (3)
 s - a wand of disintegration (13)
Scrolls
 f - a scroll of blinking {unknown}
 h - a scroll of magic mapping {unknown}
 k - a scroll of teleportation {unknown}
 p - a scroll of immolation {unknown}
 r - a scroll of fear {unknown}
 t - a scroll of enchant armour {unknown}
Potions
 a - a potion of invisibility {unknown}
 d - a potion of cancellation {unknown}
 e - 3 potions of might
 i - a potion of poison {unknown}
 j - a potion of beneficial mutation {unknown}
 l - a potion of resistance {unknown}
Books
 b - a book of Frost

   Spells                             Type                      Level
   a - Freeze                         Ice                          1
   b - Throw Frost                    Conjuration/Ice              2
   c - Ozocubu's Armour               Charms/Ice                   3
   d - Throw Icicle                   Conjuration/Ice              4
   e - Summon Ice Beast               Ice/Summoning                4
   f - Condensation Shield            Ice                          4
Comestibles
 c - 7 bread rations
 g - 4 meat rations
 n - a beef jerky
 u - a slice of pizza
 v - 2 chunks of flesh

Table legend:
 A = Turns spent in this place as a percentage of turns spent in the entire game.
 B = Non-inter-level travel turns spent in this place as a percentage of non-inter-level travel turns spent in the entire game.
 C = Inter-level travel turns spent in this place as a percentage of turns spent in this place.
 D = Turns resting spent in this place as a percentage of non-inter-level travel turns spent in this place.
 E = Turns spent auto-exploring this place as a percentage of non-inter-level travel turns spent in this place.
 F = Non-inter-level travel turns spent in this place divided by the number of levels of this place that you've seen.
                   A       B       C       D       E      F
               +-------+-------+-------+-------+-------+----------------------
         Total | 100.0 | 100.0 |   0.5 |  10.3 |   7.6 | 324.5
       Dungeon | 100.0 | 100.0 |   0.5 |  10.3 |   7.6 | 324.5
               +-------+-------+-------+-------+-------+----------------------


   Skills:
 - Level 2.0 Dodging
 - Level 2.6 Stealth
 - Level 2.5 Spellcasting
 * Level 3.7 Conjurations
 + Level 5.2 Ice Magic


You had 5 spell levels left.
You knew the following spells:

 Your Spells              Type           Power        Failure   Level  Hunger
a - Freeze                Ice            ###.         1%          1    None
b - Throw Icicle          Conj/Ice       ###.....     24%         4    ####...


Dungeon Overview and Level Annotations

Branches:
Dungeon (4/15)
 Temple: D:4-7

Altars:
Nemelex Xobeh


Innate Abilities, Weirdness & Mutations

You cannot wear most types of armour.
You are amphibious.
You can wear up to eight rings at the same time.
You can use your tentacles to constrict many enemies at once.
Your skin changes colour to match your surroundings (Stealth).
Your rubbery body absorbs attacks (AC +1).


Message History

A rapier.
The floor.
You closely miss the goblin. You grab the goblin. You constrict the goblin.
The goblin hits you.
You hit the goblin.
You kill the goblin!
You completely miss the orc. You grab the orc. You squeeze the orc.
The orc is severely wounded.
You constrict the orc.
You kill the orc!
You barely miss the orc. You grab the orc. You constrict the orc.
The orc closely misses you. The orc barely misses you.
You hit the orc.
You kill the orc!
The orc hits you.
You barely miss the orc. Your grab misses the orc. Your squeeze misses the orc.
The orc hits you.
You closely miss the orc. Your grab misses the orc. The orc barely misses you.
You hit the orc. You grab the orc. You squeeze the orc.
You kill the orc!
No target in view!
Items here: ) [[ †† a chain mail; a dagger; a leather armour; an orc corpse; an orc corpse You start resting.
HP restored.
You now have 162 gold pieces (gained 11).
A hound, a giant cockroach and a sky beast come into view.
Items here: ) [[ †† a chain mail; a dagger; a leather armour; an orc corpse; an orc corpse The sky beast flickers out of sight!
Deactivating autopickup; reactivate with Ctrl-A.
There is a stone staircase leading up here.
Something hits you. Something shocks you. Something completely misses you.
You climb upwards.
The giant spore explodes!
The explosion of spores engulfs you!
You are confused.
Ouch! That really hurt!
You die...

######################
#.....................
#.............#.......
#...............<.....
#....@................
###...................
#......##.......##..
#......###'#....##..
#..........#........
#.....####..........
###........'..........
#.........##...#######
#.............##......


There were no monsters in sight!

Table legend:
 A = Kills in this place as a percentage of kills in entire the game.
 B = Kills by you in this place as a percentage of kills by you in the entire game.
 C = Kills by friends in this place as a percentage of kills by friends in the entire game.
 D = Other kills in this place as a percentage of other kills in the entire game.
 E = Experience gained in this place as a percentage of experience gained in the entire game.
 F = Experience gained in this place divided by the number of levels of this place that you have seen.
                   A       B       C       D       E      F
               +-------+-------+-------+-------+-------+----------------------
         Total | 100.0 | 100.0 |  -nan |  -nan | 100.0 |  93.8
       Dungeon | 100.0 | 100.0 |  -nan |  -nan | 100.0 |  93.8
               +-------+-------+-------+-------+-------+----------------------

Vanquished Creatures
  2 crimson imps (D:3)
  Natasha (twice) (D:3)
  3 gnolls (D:3)
  An adder (D:2)
  2 worms
  4 giant geckos
  2 oozes
  12 orcs
  4 giant cockroaches
  9 goblins
  5 hobgoblins
  2 ball pythons (D:3)
  6 bats
  3 giant newts
  2 giant spores (D:3)
  15 jackals
  6 kobolds
  3 quokkas
  11 rats
  10 ballistomycetes (D:3)
104 creatures vanquished.

Vanquished Creatures (others)
  A giant spore (D:3)
1 creature vanquished.

Grand Total: 105 creatures vanquished

Action                   |  1- 3 |  4- 6 || total
-------------------------+-------+-------++-------
Melee: Unarmed           |    59 |    31 ||    90
       Hunting sling     |    42 |       ||    42
       Flail             |       |   101 ||   101
 Cast: Freeze            |    42 |    34 ||    76
Evoke: Wand              |       |     7 ||     7
  Use: Scroll            |     3 |     1 ||     4
 Stab: Sleeping          |     9 |     3 ||    12
       Distracted        |     1 |     1 ||     2
  Eat: Chunk             |     6 |     9 ||    15

Vault maps used:
D:1:      minmay_arrival_radiant_lines, minmay_misc_feat_x
D:2:      nemelex_dance_club_becter
D:3:      first_bread, kennysheep_another_room, kennysheep_cross_room,
          uniq_natasha
D:4:      old_standard_altar, minmay_temple_entry_from_below_a, serial_shops,
          shop
